 Dungeon Crawl Stone Soup version 0.28.0-45-g0d030f2227 (webtiles) character file.

Game seed: 9138998145039355819

46 101zpm the Magician (level 3, 0/25 HPs)
             Began as a Djinni Ice Elementalist on Apr 14, 2022.
             Killed from afar by Sigmund (11 damage)
             ... with a magic dart
             ... on level 2 of the Dungeon.
             The game lasted 00:03:42 (2368 turns).

101zpm the Magician (Djinni Ice Elementalist)       Turns: 2368, Time: 00:03:42

Health: 0/25       AC:  9    Str:  7    XL:     3   Next: 95%
Gold:   82         EV: 12    Int: 18    God:
                   SH:  0    Dex: 13

rFire   + + .      SeeInvis .   (no weapon)
rCold   x . .      Faith    .   (no shield)
rNeg    . . .      Spirit   .   a - +0 robe
rPois   ∞          Reflect  .   m - +0 helmet
rElec   .          Harm     .   (no cloak)
rCorr   .          Rampage  .   (no gloves)
Will    .....                   (boots unavailable)
Stlth   ++........              (no amulet)
HPRegen 0.08/turn               (no ring)
MPRegen 0.00/turn               (no ring)

@: ice-armoured, freezing walls, flying
A: sickness immunity, fire resistance 2, cold vulnerability 1, float, innate
caster, HP casting, extra vitality 1
a: no special abilities


You were on level 2 of the Dungeon.
You visited 1 branch of the dungeon, and saw 2 of its levels.

You collected 82 gold pieces.

Inventory:

Missiles
 h - 38 stones
Armour
 a - a +0 robe (worn)
 m - a +0 helmet (worn)
Scrolls
 c - a scroll of blinking {unknown}
 d - 2 scrolls of fear {unknown}
 e - 3 scrolls of identify {unknown}
 f - a scroll of enchant weapon {unknown}
 g - a scroll of acquirement {unknown}
 i - 2 scrolls of teleportation {unknown}
 k - a scroll of noise {unknown}
Potions
 b - a potion of curing {unknown}
 j - a potion of heal wounds {unknown}
 l - a potion of invisibility {unknown}


   Skills:
 + Level 2.4 Dodging
 + Level 1.6 Stealth
 + Level 4.1 Spellcasting


You couldn't memorise any spells.
You knew the following spells:

 Your Spells              Type           Power      Damage    Failure   Level
a - Freeze                Ice            72%        1d9       2%          1
b - Frozen Ramparts       Ice            36%        1d5       8%          3
c - Ozocubu's Armour      Ice            18%        N/A       8%          3
d - Hailstorm             Conj/Ice       18%        3d6       26%         4
e - Shock                 Conj/Air       72%        1d7       2%          1
Your spell library was empty.

Dungeon Overview and Level Annotations

Branches:
Dungeon (2/15)

Altars:

Shops:
D:1 =((   D:2 *(

Annotations:
D:2 Sigmund


Innate Abilities, Weirdness & Mutations

You are immune to sickness and miasma.
You are immune to poison.
Your flesh is very heat resistant. (rF++)
You are vulnerable to cold. (rC-)
You float through the air rather than walking.
You learn spells naturally, not from books.
Your magical power is your life essence.
You have superior vitality. (+4 MHP)


Message History

You bump into the rock wall.
Sigmund hits you from afar with a +0 scythe.
You bump into the rock wall.
You feel less confused.
Casting: Shock (safe; 2% risk of failure)
Confirm with . or Enter, or press ? or * to list all spells.
The spell is quite dangerous to miscast (8% risk of failure)!
Continue anyway?
Casting: Frozen Ramparts (quite dangerous; 8% risk of failure)
Press: ? - help, Dir - look around, f - activate The walls around you are covered in ice.
The wall freezes Sigmund.
Sigmund closely misses you.
Casting: Frozen Ramparts (quite dangerous; 8% risk of failure)
Confirm with . or Enter, or press ? or * to list all spells.
The spell is quite dangerous to miscast (8% risk of failure)!
Continue anyway?
A film of ice covers your body!
The wall freezes Sigmund.
Sigmund hits you but does no damage.
Casting: Ozocubu's Armour (quite dangerous; 8% risk of failure)
Confirm with . or Enter, or press ? or * to list all spells.
Aiming: Shock (safe; 2% risk of failure)
Press: ? - help, Shift-Dir - straight line, f - Sigmund
Aim: Sigmund, wielding a +0 scythe and wearing a +0 robe (moderately wounded, 68% to hit)
The zap hits Sigmund.
Sigmund is moderately wounded.
Casting: Shock (safe; 2% risk of failure)
Confirm with . or Enter, or press ? or * to list all spells.
Aiming: Shock (safe; 2% risk of failure)
Press: ? - help, Shift-Dir - straight line, f/p - Sigmund
Aim: Sigmund, wielding a +0 scythe and wearing a +0 robe (moderately wounded, 68% to hit)
The zap misses Sigmund.
The wall freezes Sigmund.
Sigmund barely misses you.
Casting: Shock (safe; 2% risk of failure)
Confirm with . or Enter, or press ? or * to list all spells.
Aiming: Shock (safe; 2% risk of failure)
Press: ? - help, Shift-Dir - straight line, f/p - Sigmund
Aim: Sigmund, wielding a +0 scythe and wearing a +0 robe (moderately wounded, 68% to hit)
The zap hits Sigmund.
Sigmund is heavily wounded.
The wall freezes Sigmund.
Sigmund points at you and mumbles some strange words.
The magic dart hits you!
You die...

...#......#
#...###..##.#
##...####.#
####.#.#.##.#
....## ##.##.##.#
[####
.#########.##.##.#
.#
.S......##.##.##.#
.# #.##.......#
.## #@#####.####
..#### #.#
#.######## #....#
#@# #.........
.)##.# #.#
#########. .⌠.⌠.#
#.# ..∩..# #.#
.⌠.⌠.# #.# .....#
##.#### ...###
#.....# ....
#.♣##.# ...#
#..##.#


You could see Sigmund.

Vanquished Creatures
  2 adders (D:2)
  A dart slug (D:1)
  5 endoplasms
  A giant cockroach (D:2)
  A goblin (D:1)
  3 hobgoblins (D:2)
  4 quokkas
  A ball python (D:2)
  4 bats
  A kobold (D:2)
  A rat (D:2)
24 creatures vanquished.

Notes
Turn   | Place    | Note
-------+----------+-------------------------------------------
     0 | D:1      | 101zpm the Djinni Ice Elementalist began the quest for the
                  | Orb.
     0 | D:1      | Reached XP level 1. HP: 15/15 MP: 0/0
   225 | D:1      | Found Petimp's Weapon Shop.
   580 | D:1      | Found Ulurodar's Jewellery Shop.
   592 | D:1      | Reached XP level 2. HP: 17/21 MP: 0/0
   592 | D:1      | Found Ypluqil's Antique Weapon Boutique.
  1284 | D:1      | Found a faded altar of an unknown god.
  1685 | D:2      | Found Guruic's Assorted Antiques.
  1889 | D:2      | Reached XP level 3. HP: 17/25 MP: 0/0
  1889 | D:2      | Learned a level 1 spell: Shock
  2145 | D:2      | Reached skill level 4 in Spellcasting
  2337 | D:2      | Found Eneptom's Weapon Shoppe.
  2356 | D:2      | Noticed Sigmund
  2368 | D:2      | Killed from afar by Sigmund

Illustrated notes

Levels and vault maps discovered:
D:1:      onia_arrival_pyramid, layout_basic, serial_shops, nicolae_square_shop,
          nicolae_shop_waterfront, nicolae_shop_advertising_works
          [nicolae_subvault_shop_adworks], ebering_ecumenical_altar_hall,
          kennysheep_small_spiral, minmay_bisected
D:2:      layout_loops_ring, serial_shops, shop_fountains, nicolae_shop_trees,
          nicolae_shop_trees, uniq_sigmund

Skill      XL: |  1  2  3 |
---------------+----------+-----
Spellcasting   | 4 |  4.1
Dodging        | |  2.4
Stealth        | |  1.6

Action                   || total
-------------------------++-------
Melee: Unarmed           ||     4
 Cast: Freeze            ||    37
       Shock             ||    16
       Ozocubu's Armour  ||     1
       Frozen Ramparts   ||     1
Armor: Robe              ||     5
Dodge: Dodged            ||    35
